 Dungeon Crawl Stone Soup version 0.19.5 (webtiles) character file.

176 Hybris the Sneak (level 5, 0/26 HPs)
             Began as a Spriggan Assassin on Mar 21, 2017.
             Was an Initiate of Fedhas.
             Succumbed to a scorpion's poison
             ... on level 3 of the Dungeon.
             The game lasted 00:18:31 (4529 turns).

Hybris the Sneak (Spriggan Assassin)                Turns: 4529, Time: 00:18:33

Health: 0/26       AC:  3    Str:  7    XL:     5   Next: 30%
Magic:  6/6        EV: 25    Int: 13    God:    Fedhas [......]
Gold:   165        SH:  0    Dex: 23    Spells: 0 memorised, 4 levels left

rFire  . . .     SeeInvis +     a - +2 dagger
rCold  . . .     Gourm    .     c - +0 robe
rNeg   . . .     Faith    .     (shield restricted)
rPois  .         Spirit   .     (helmet restricted)
rElec  .         Reflect  .     d - +0 cloak
rCorr  .         Harm     .     (gloves unavailable)
MR     .....                    (boots unavailable)
Stlth  +++++.....               (no amulet)
                                (no ring)
                                m - ring of flight

@: agile, lethally poisoned (0 -> -3), very slightly contaminated, hasted, very
quick
A: unfitting armour, see invisible, herbivore 3, speed 3, slow metabolism 2
a: Fungal Bloom, Renounce Religion, Evoke Flight


You were on level 3 of the Dungeon.
You worshipped Fedhas.
Fedhas was noncommittal.
You were full.

You visited 1 branch of the dungeon, and saw 4 of its levels.

You collected 165 gold pieces.

Inventory:

Hand Weapons
 a - a +2 dagger (weapon)
 r - a +0 blowgun
Missiles
 e - 30 poisoned needles
 f - 2 curare-tipped needles
 i - 71 stones (quivered)
 u - 3 needles of confusion
Armour
 c - a +0 robe (worn)
 d - a +0 cloak (worn)
Magical Staves
 y - an uncursed staff of power
Jewellery
 m - a ring of flight (left hand)
Scrolls
 h - a scroll of fear {unknown}
 k - a scroll of teleportation
 l - a scroll of recharging {unknown}
 n - a scroll of amnesia {unknown}
 o - a scroll of magic mapping {unknown}
 s - a scroll of enchant weapon {unknown}
 t - a scroll of identify {unknown}
Comestibles
 g - a bread ration
 j - a slice of pizza


   Skills:
 - Level 1.7 Fighting
 * Level 3.4 Short Blades
 + Level 4.1 Throwing
 + Level 3.8 Dodging
 - Level 5.9 Stealth


You had 4 spell levels left.
You didn't know any spells.

Dungeon Overview and Level Annotations

Branches:
Dungeon (4/15)
 Temple: D:4-7

Altars:
Fedhas


Innate Abilities, Weirdness & Mutations

You are very small and have problems with some larger weapons.
You are too small for most types of armour.
You have supernaturally acute eyesight. (SInv)
You are a herbivore.
You cover ground extremely quickly.
You need consume almost no food.


Message History

You climb upwards.
There is a stone staircase leading down here.
It was a potion of cure mutation.
It has a very clean taste.
* * * LOW HITPOINT WARNING * * *
You feel sick.
It was a potion of haste.
You feel yourself speed up.
You are very lightly contaminated with residual magic.
It was a potion of agility.
You feel agile all of a sudden.
* * * LOW HITPOINT WARNING * * *
You feel sick.
You aren't carrying any potions.
You start eating one of the 2 bread rations.
You continue eating. x2
You finish eating.
That bread ration really hit the spot!
Unknown command.
* * * LOW HITPOINT WARNING * * *
You feel sick.
You die...
Fedhas appreciates your contribution to the ecosystem.

.................#..###....####.#
.................#..# #....# #.#
....................###....####.#
...##............##.............#
...##........#......##..........#
...##........#......##...........
...##........#......##.........##
...##........#................##
...##........#..@###.###.####.#
#####........##### #.# #.# #.#
########## ###.###.####.###
#............#.. ###.###.####.#..
#.#<.........# #.###.####.#.# #.#
#.# #.#.# #.# #.# #....


There were no monsters in sight!

Vanquished Creatures
  An orc wizard (D:3)
  Jessica (D:2)
  3 gnolls (D:2)
  3 adders
  A worm (D:2)
  A leopard gecko (D:1)
  7 orcs (D:3)
  5 bats
  2 giant cockroaches (D:3)
  6 goblins
  5 hobgoblins
  3 jackals (D:3)
  2 quokkas
  A ball python (D:3)
  7 frilled lizards
  7 kobolds
  5 rats
60 creatures vanquished.

Vanquished Creatures (others)
  6 toadstools
6 creatures vanquished.

Grand Total: 66 creatures vanquished

Notes
Turn   | Place    | Note
-------+----------+-------------------------------------------
     0 | D:1      | Hybris the Spriggan Assassin began the quest for the Orb.
     0 | D:1      | Reached XP level 1. HP: 10/10 MP: 2/2
     3 | D:1      | Noticed an elephant
     6 | D:1      | Noticed a death yak
   209 | D:1      | Reached XP level 2. HP: 13/15 MP: 3/3
   481 | D:2      | Noticed Jessica
   490 | D:2      | Killed Jessica
   490 | D:2      | Reached XP level 3. HP: 10/18 MP: 4/4
   613 | D:2      | Found a faded altar of an unknown god.
  1842 | D:2      | Reached XP level 4. HP: 19/23 MP: 5/5
  2029 | D:2      | Found a blossoming altar of Fedhas.
  2080 | D:2      | Became a worshipper of Fedhas Madash
  2405 | D:2      | You fall through a shaft!
  3132 | D:3      | Reached XP level 5. HP: 10/26 MP: 6/6
  4524 | D:3      | HP: 1/26 [poisoned by a scorpion]
  4529 | D:3      | Succumbed to a scorpion's poison

Skill      XL: |  1  2  3  4 |
---------------+-------------+-----
Throwing       | 3 4 |  4.1
Dodging        | 2 3 |  3.8
Short Blades   | 3 |  3.4
Fighting       | |  1.7
Stealth        | |  5.9

Action                   |  1- 3 |  4- 6 || total
-------------------------+-------+-------++-------
Melee: Dagger            |    80 |   121 ||   201
 Fire: Blowgun           |       |    16 ||    16
Throw: Stone             |    69 |    48 ||   117
Invok: Fungal Bloom      |       |     5 ||     5
  Use: Scroll            |       |     4 ||     4
       Potion            |       |     4 ||     4
 Stab: Sleeping          |     6 |     5 ||    11
  Eat: Bread ration      |       |     1 ||     1
Armor: Robe              |     3 |     9 ||    12
Dodge: Dodged            |    69 |    92 ||   161
